 Dungeon Crawl Stone Soup version 0.32-a0-18-g89e19f1974 (webtiles) character file.

Game seed: 8572735060622056070

62528 toffzen the Severer (level 14, -14/199 HPs)
             Began as a Minotaur Berserker on Jan 16, 2024.
             Was a High Priest of Trog.
             Demolished by Rupert
             ... wielding a +1 battleaxe of flaming
              (19 damage)
             ... on level 13 of the Dungeon.
             The game lasted 00:21:11 (17563 turns).

toffzen the Severer (Minotaur Berserker)           Turns: 17563, Time: 00:21:11

Health: -14/199    AC: 27    Str: 33    XL:     14   Next: 64%
Magic:  0/4        EV: 12    Int:  4    God:    Trog [*****.]
Gold:   1438       SH:  0    Dex: 10    Spells: 13/13 levels left

rFire   . . .        U - +4 battleaxe (antimagic)
rCold   . . .        (shield currently unavailable)
rNeg    . . .        N - +8 plate armour of Refuge {Regen+}
rPois   .            (helmet restricted)
rElec   .            M - +1 cloak
rCorr   .            (no gloves)
SInv    .            (no boots)
Will    ++...        e - amulet of guardian spirit Stlth
                     t - ring of willpower
HPRegen 1.33/turn    u - +6 ring of strength
MPRegen 0.09/turn

%: guardian spirit
@: berserking, very quick
A: horns 2, retaliatory headbutt
a: Renounce Religion, Berserk, Trog's Hand, Brothers in Arms


You were on level 13 of the Dungeon.
You worshipped Trog.
Trog was extremely pleased with you.
You visited 2 branches of the dungeon, and saw 18 of its levels.

You collected 1438 gold pieces.

Inventory:

Hand Weapons
 a - a +1 war axe of draining
 U - a +4 antimagic battleaxe (weapon)
 V - a +0 broad axe
 W - the +5 trident of the Saviour {heavy, rElec Str+4 Dex+2}
   (You found it on level 5 of the Lair of Beasts)

   Str+4:     It affects your strength (+4).
   Dex+2:     It affects your dexterity (+2).
   rElec:     It insulates you from electricity.
 Z - a +0 executioner's axe of flaming
Missiles
 j - 159 stones (quivered)
 k - 4 throwing nets
 q - 32 poisoned darts
Armour
 B - a +0 kite shield
 M - a +1 cloak (worn)
 N - the +8 plate armour of Refuge (worn) {Regen+}
   (You acquired it on level 2 of the Lair of Beasts)

   Regen+:    It increases your rate of health regeneration.
Jewellery
 e - an amulet of guardian spirit (around neck)
 p - an amulet of faith
 t - a ring of willpower (left hand)
 u - a +6 ring of strength (right hand)
 w - a ring of resist corrosion
 A - a ring of poison resistance
 E - a ring of magical power
 I - a ring of fire
 J - a ring of protection from cold
 X - an amulet of reflection
Talismans
 z - the granite talisman of Privacy {rN+ Will++ SInv Stlth+}
   (You found it on level 11 of the Dungeon)

   [granite talisman]

   rN+:       It protects you from negative energy.
   Will++:    It greatly increases your willpower.
   SInv:      It lets you see invisible.
   Stlth+:    It makes you more stealthy.
Wands
 v - a wand of charming (24)
 C - a wand of light (15)
 D - a wand of digging (5)
 G - a wand of flame (14)
Scrolls
 c - 3 scrolls of poison
 d - 4 scrolls of blinking
 h - 4 scrolls of vulnerability
 i - 3 scrolls of fear
 o - a scroll of fog
 r - a scroll of enchant weapon
 s - a scroll of torment
 y - 2 scrolls of immolation
 L - 4 scrolls of identify
 O - 2 scrolls of revelation
 Q - 3 scrolls of teleportation
 S - 2 scrolls of silence
 Y - a scroll of enchant armour
Potions
 b - a potion of cancellation
 f - 7 potions of curing
 g - 3 potions of enlightenment
 l - 4 potions of heal wounds
 m - 6 potions of attraction
 n - 4 potions of invisibility
 x - 2 potions of might
 F - 2 potions of mutation
 H - a potion of lignification
 K - 2 potions of resistance
 P - a potion of ambrosia
 R - a potion of magic
 T - a potion of haste


   Skills:
 + Level 14.5 Fighting
 * Level 19.6 Axes
 + Level 14.2 Armour
 + Level 13.1 Dodging


You had 13 spell levels left.
You didn't know any spells.
Your spell library was empty.

Dungeon Overview and Level Annotations

Branches:
Dungeon (13/15)            Temple (0/1) D:6            Lair (5/5) D:10
 Shoals (0/4) Lair:2        Snake (0/4) Lair:3        Slime (0/5) Lair:5
    Orc (0/2) D:12
 Vaults: D:13-14

Altars:
Ashenzari
Cheibriados
Gozag
Hepliaklqana
Makhleb
Nemelex Xobeh
Okawaru
Trog
Wu Jian
Xom
The Shining One
Lugonu

Shops:
D:2 :

Portals:
Abyss: Lair:5

Annotations:
D:4 3 runed translucent doors, Flugslaktarn's ghost, amateur MiFi
D:13 Rupert
Lair:4 1 runed translucent door


Innate Abilities, Weirdness & Mutations

You have a pair of horns on your head.
You reflexively headbutt those who attack you in melee.


Message History

Rupert is lightly wounded.
Rupert hits you with a +1 battleaxe of flaming!!
Rupert burns you.
You hit Rupert.
Rupert is lightly wounded.
Rupert hits you but does no damage.
You slash Rupert!
Rupert is lightly wounded.
Rupert hits you with a +1 battleaxe of flaming!!
Rupert burns you.
You barely miss Rupert.
Rupert is lightly wounded.
Rupert hits you with a +1 battleaxe of flaming!!
Rupert burns you.
You barely miss Rupert.
Rupert is lightly wounded.
Rupert hits you with a +1 battleaxe of flaming.
Rupert burns you.
A red film seems to cover your vision as you go berserk!
You feel yourself moving faster!
You feel mighty! Rupert misses you. Rupert closely misses you.
You furiously retaliate!
You headbutt Rupert! You completely miss Rupert. Your headbutt misses Rupert.
Rupert is lightly wounded.
You slash Rupert! You headbutt Rupert!
Rupert is moderately wounded.
Rupert hits you with a +1 battleaxe of flaming!!
* * * LOW HITPOINT WARNING * * *
Rupert burns you.
* * * LOW HITPOINT WARNING * * *
You hit Rupert.
Rupert is moderately wounded.
Rupert hits you with a +1 battleaxe of flaming!!
* * * LOW HITPOINT WARNING * * *
Rupert burns you!
* * * LOW HITPOINT WARNING * * *
You barely miss Rupert. Your headbutt misses Rupert.
Rupert is moderately wounded.
Rupert hits you with a +1 battleaxe of flaming!!
You die...
Rupert roars with triumph.

.........# #>.......#
#........# #........#
#........#
.#####........#
..............#
.........@@...#
+..........#######
+..........#
#..........#
#..........#
#...###+#..#
#####...#...#..#
........#...#..#######
........#...#........#


You could see Rupert (berserk).

Vanquished Creatures
  Nessos (D:12)
  Fannar (Lair:2)
  3 hydras
  Erica (D:8)
  3 two-headed ogres
  Erolcha (D:11)
  3 boulder beetles
  9 death yaks
  3 thrashing horrors (Lair:5)
  Nergalle (Lair:2)
  A skyshark (Lair:4)
  3 harpies
  A deep elf pyromancer (D:12)
  An oklob plant (Lair:3)
  2 large abominations (Lair:5)
  An ugly thing (Lair:5)
  2 cyclopes (D:11)
  7 black mambas
  A meliai (shapeshifter) (Lair:5)
  12 elephants
  A smoke demon (Lair:5)
  Joseph (D:8)
  7 cane toads
  An eye of devastation (shapeshifter) (Lair:5)
  4 torpor snails
  6 komodo dragons
  3 rime drakes (Lair:3)
  5 kobold demonologists
  3 polar bears
  5 trolls
  A hornet (D:10)
  20 blink frogs
  2 dream sheep (Lair:1)
  A raiju (Lair:5)
  A shadow (D:10)
  2 wraiths (D:9)
  A ynoxinul (Lair:5)
  Eustachio (D:6)
  11 basilisks
  3 wyverns
  78 yaks
  Grum (D:8)
  A steam dragon (D:6)
  7 vampire mosquitoes
  3 chaos spawn (Lair:5)
  3 nagas (Lair:3)
  8 water moccasins
  6 orc warriors
  3 ice beasts
  A sky beast (D:8)
  10 wolves
  3 centaurs
  3 kobold brigands
  12 bullfrogs
  A gnoll sergeant (D:7)
  11 small abominations (Lair:5)
  2 scorpions
  4 wights
  6 killer bees (D:10)
  An electric eel (Lair:2)
  6 howler monkeys
  2 bombardier beetles (D:4)
  A hound (D:3)
  9 orc priests
  A gnoll bouda (Lair:1)
  A sleepcap (D:6)
  6 hell rats (Lair:4)
  2 iguanas (D:6)
  12 orc wizards
  4 gnolls
  8 adders
  A white imp (D:8)
  4 ufetubi
  2 ribbon worms (D:2)
  A dart slug (D:4)
  29 orcs
  An endoplasm (D:2)
  A giant cockroach (D:4)
  A goblin (D:4)
  11 hobgoblins
  4 jackals (D:4)
  2 quokkas
  4 ball pythons
  3 bats
  5 frilled lizards
  16 kobolds
  5 rats
  A spectral kobold (D:9)
443 creatures vanquished.

Notes
Turn   | Place    | Note
-------+----------+-------------------------------------------
     0 | D:1      | toffzen the Minotaur Berserker began the quest for the Orb.
     0 | D:1      | Reached XP level 1. HP: 19/19 MP: 0/0
   139 | D:1      | Reached skill level 4 in Axes
   139 | D:1      | Reached XP level 2. HP: 16/27 MP: 1/1
   789 | D:2      | Reached XP level 3. HP: 30/33 MP: 2/2
  1118 | D:2      | Found Wioj's Book Shop.
  1912 | D:3      | Found a broken altar of Ashenzari.
  2000 | D:3      | Reached XP level 4. HP: 40/40 MP: 3/3
  2018 | D:3      | Found an iron altar of Okawaru.
  2113 | D:3      | Reached ** piety under Trog
  2116 | D:3      | Reached skill level 5 in Axes
  2124 | D:3      | Reached XP level 5. HP: 47/47 MP: 1/4
  2281 | D:3      | Found an ornate altar of the Wu Jian Council.
  2471 | D:3      | Found a sparkling altar of Nemelex Xobeh.
  2650 | D:4      | Noticed an ice beast
  3005 | D:4      | Reached XP level 6. HP: 44/55 MP: 5/5
  3113 | D:4      | Found an opulent altar of Gozag.
  3149 | D:4      | Noticed Flugslaktarn's ghost (amateur MiFi)
  3197 | D:4      | Found a runed translucent gate.
  3197 | D:4      | Found a runed translucent gate.
  3197 | D:4      | Found a runed translucent gate.
  3385 | D:5      | Entered Level 5 of the Dungeon
  3547 | D:5      | Noticed an ice beast
  3552 | D:5      | Killed an ice beast
  3553 | D:5      | Reached skill level 5 in Fighting
  3553 | D:5      | Reached skill level 6 in Axes
  3703 | D:5      | Found a glowing drain.
  3875 | D:5      | Noticed an ice beast
  3881 | D:5      | Killed an ice beast
  3889 | D:5      | Reached XP level 7. HP: 48/61 MP: 4/6
  4341 | D:6      | Found a bloodstained altar of Trog.
  4369 | D:6      | Reached skill level 7 in Axes
  4381 | D:6      | Noticed Eustachio
  4424 | D:6      | Killed Eustachio
  4425 | D:6      | Reached skill level 5 in Armour
  4652 | D:6      | Found a staircase to the Ecumenical Temple.
  4687 | D:6      | Noticed a steam dragon
  4702 | D:6      | Killed a steam dragon
  4703 | D:6      | Reached skill level 5 in Dodging
  4703 | D:6      | Reached XP level 8. HP: 70/70 MP: 4/7
  4752 | D:6      | Reached skill level 8 in Axes
  4825 | D:6      | Found a glowing golden altar of the Shining One.
  4931 | D:7      | Found a shimmering altar of Xom.
  4983 | D:7      | Found a burning altar of Makhleb.
  4988 | D:7      | Identified the +0 robe of Okerhask {Slay+3}
  5959 | D:8      | Reached skill level 9 in Axes
  6078 | D:8      | Noticed Joseph
  6087 | D:8      | Killed Joseph
  6090 | D:8      | Reached XP level 9. HP: 79/79 MP: 3/8
  6152 | D:8      | Noticed Grum
  6158 | D:8      | Reached skill level 10 in Axes
  6161 | D:8      | Killed Grum
  6412 | D:8      | Noticed Erica
  6424 | D:8      | Killed Erica
  6751 | D:8      | Identified the +2 leather armour of Analysis {Will+ Str+3
                  | Int+3}
  7115 | D:9      | Noticed a troll
  7119 | D:9      | Killed a troll
  7120 | D:9      | Reached skill level 11 in Axes
  7241 | D:9      | Reached XP level 10. HP: 70/90 MP: 6/9
  7288 | D:9      | Found a snail-covered altar of Cheibriados.
  7554 | D:9      | Reached *** piety under Trog
  7882 | D:9      | Reached skill level 12 in Axes
  8057 | D:9      | Found a hazy altar of Hepliaklqana.
  8383 | D:9      | Noticed an orange demon
  8444 | D:10     | Entered Level 10 of the Dungeon
  8454 | D:10     | Noticed a two-headed ogre
  8467 | D:9      | Killed a two-headed ogre
  8588 | D:9      | Reached skill level 13 in Axes
  8716 | D:10     | Found a staircase to the Lair.
  8716 | D:10     | Noticed an elephant
  8721 | D:10     | Reached XP level 11. HP: 93/99 MP: 10/10
  8727 | D:10     | Reached skill level 10 in Fighting
  9089 | D:10     | Reached **** piety under Trog
  9660 | Lair:1   | Entered Level 1 of the Lair of Beasts
  9676 | Lair:1   | Reached skill level 10 in Armour
  9797 | Lair:1   | Reached skill level 14 in Axes
 10416 | Lair:1   | Reached skill level 15 in Axes
 10427 | Lair:1   | Reached skill level 10 in Dodging
 10428 | Lair:1   | Reached XP level 12. HP: 77/110 MP: 8/11
 10738 | Lair:2   | Noticed a death yak
 10742 | Lair:2   | Noticed a death yak
 10743 | Lair:2   | Noticed a death yak
 10744 | Lair:2   | Noticed a death yak
 10751 | Lair:1   | Killed a death yak
 10794 | Lair:1   | Killed a death yak
 10797 | Lair:1   | Killed a death yak
 10798 | Lair:1   | Killed a death yak
 10983 | Lair:2   | Noticed Nergalle
 10993 | Lair:2   | Killed Nergalle
 11080 | Lair:2   | Noticed Fannar
 11096 | Lair:2   | Killed Fannar
 11140 | Lair:2   | Found a staircase to the Shoals.
 11155 | Lair:2   | Reached skill level 16 in Axes
 11324 | Lair:2   | Identified a scroll of acquirement
 11324 | Lair:2   | Acquired the +8 plate armour of Refuge {Regen+}
 11376 | Lair:2   | Noticed an eight-headed hydra
 11387 | Lair:2   | Killed a two-headed hydra
 12021 | Lair:3   | Found a staircase to the Snake Pit.
 12040 | Lair:3   | Reached ***** piety under Trog
 12110 | Lair:3   | Noticed an eight-headed hydra
 12126 | Lair:3   | Killed a three-headed hydra
 12254 | Lair:3   | Reached XP level 13. HP: 119/119 MP: 12/12
 12281 | Lair:3   | Reached skill level 17 in Axes
 13761 | Lair:4   | Noticed a dire elephant
 13761 | Lair:4   | Noticed a dire elephant
 13781 | Lair:4   | Found a runed translucent door.
 14158 | Lair:5   | Entered Level 5 of the Lair of Beasts
 14167 | Lair:5   | Reached skill level 18 in Axes
 14172 | Lair:5   | Received a gift from Trog
 14706 | Lair:5   | Identified the +5 trident of the Saviour {heavy, rElec
                  | Str+4 Dex+2}
 14731 | Lair:5   | Reached XP level 14. HP: 130/130 MP: 4/13
 14867 | Lair:5   | Found a corrupted altar of Lugonu.
 14867 | Lair:5   | Found a one-way gate to the infinite horrors of the Abyss.
 15013 | Lair:5   | Found a staircase to the Slime Pits.
 15169 | Lair:5   | Received a gift from Trog
 15170 | Lair:5   | Reached skill level 19 in Axes
 15539 | D:11     | Noticed Erolcha
 15554 | D:11     | Killed Erolcha
 16357 | D:11     | Identified the granite talisman of Privacy {rN+ Will++ SInv
                  | Stlth+}
 16855 | D:12     | Found a staircase to the Orcish Mines.
 16933 | D:12     | Found a glowing golden altar of the Shining One.
 17006 | D:12     | Noticed Nessos
 17018 | D:12     | Killed Nessos
 17551 | D:13     | Noticed Rupert
 17562 | D:13     | HP: 4/199 [Rupert/+1 battleaxe of flaming (9)]
 17563 | D:13     | Demolished by Rupert

Illustrated notes

Levels and vault maps discovered:
D:1:      dpeg_arrival_long_road, layout_basic
D:2:      layout_basic, serial_shops, shop
D:3:      layout_rooms, nicolae_wu_jian_immortal_techniques,
          nemelex_spade_bored_becter, okawaru_metal_pillars_1_2,
          amcnicky_altar_gilded
D:4:      layout_basic, mainiacjoe_overflow_surrounded_room,
          gammafunk_ghost_icy, minmay_bisected
D:5:      layout_loops_corners, portal_sewer_entry_e
D:6:      layout_basic, mainiacjoe_overflow_brackets,
          mainiacjoe_overflow_alcove_4, minmay_temple_entry_trees, serial_glass,
          glass_columns_b, glass_columns_a, glass_columns_b, glass_columns_a,
          glass_columns_a, glass_columns_a, glass_columns_b, glass_columns_a,
          glass_columns_a, glass_columns_b, glass_columns_a, glass_columns_c,
          glass_columns_b, glass_columns_b, item_on_display_b, uniq_eustachio
D:7:      layout_basic, mainiacjoe_overflow_alcove_2, bloody_makhleb,
          minmay_misc_feat_x
D:8:      layout_basic, serial_corexii_hall, chequers_hall_statues_corner_a,
          chequers_hall_statues_wall_a, uniq_joseph, uniq_erica, uniq_grum
D:9:      layout_irregular_city, nicolae_hepliaklqana_monster_ancestors,
          mainiacjoe_overflow_concentric_impassable
D:10:     layout_long_grid, david_lair_generic
D:11:     layout_layer_cave, gauntlet_entry_generic, nicolae_twisting_strands,
          dreamdust_princess_bridge, grunt_ministairs_3, uniq_erolcha
D:12:     layout_cave_pools, orc_david_3, tso_metal_star, uniq_nessos
D:13:     layout_irregular_city, david_vaults_1, serial_shops, shop,
          nrook_guardian_serpent_double, uniq_rupert
Lair:1:   layout_small_grid, dreamdust_gnoll_shepherd, lemuel_fruit_fields
Lair:2:   layout_gridlike, nicolae_shoals_entry_roost,
          infiniplex_staircase_pool, uniq_nergalle, uniq_fannar
Lair:3:   layout_regular_city, guppyfry_snake_entry_garden, grunt_megastairs_1
Lair:4:   gammafunk_lair_enchanted_lake, layout_cave_pods
Lair:5:   hellmonk_lair_end_abyssal_woods, layout_loops_ring, slime_entry_1

Skill      XL: |  1  2  3  4  5  6  7  8  9 10 11 12 13 14 |
---------------+-------------------------------------------+-----
Axes           | 4 5 6 7 9 11 13 15 16 18 19 | 19.6
Fighting       | 4 5 6 7 8 9 11 12 13 14 | 14.5
Armour         | 3 4 5 6 8 9 10 12 13 14 | 14.2
Dodging        | 3 4 5 6 7 8 10 11 12 13 | 13.1

Action                     |  1- 3 |  4- 6 |  7- 9 | 10-12 | 13-15 || total
---------------------------+-------+-------+-------+-------+-------++-------
  Melee: Hand axe          |    74 |    25 |       |       |       ||    99
         Headbutt          |     9 |    13 |    30 |    88 |   120 ||   260
         Punch             |     1 |       |     1 |       |       ||     2
         War axe           |       |    80 |   160 |   410 |   155 ||   805
         Scimitar          |       |       |       |    23 |       ||    23
         Battleaxe         |       |       |       |       |   339 ||   339
 Invoke: Berserk           |     3 |     3 |     7 |     7 |     1 ||    21
         Trog's Hand       |       |     1 |     3 |     1 |       ||     5
    Use: Scroll            |       |     7 |    10 |     8 |     6 ||    31
   Stab: Sleeping          |     1 |       |       |       |       ||     1
 Armour: Animal skin       |    36 |       |       |       |       ||    36
         Scale mail        |    13 |    66 |   104 |   232 |       ||   415
         Plate armour      |       |       |       |   147 |   339 ||   486
  Dodge: Dodged            |    37 |    50 |    75 |   247 |   229 ||   638
  Block: Kite shield       |       |       |    27 |   136 |    43 ||   206

Table legend: (Time is in decaauts)
 A = Elapsed time spent in this place.
 B = Non-inter-level travel time spent in this place.
 C = Inter-level travel time spent in this place.
 D = Time resting spent in this place.
 E = Time spent auto-exploring this place.
 F = Levels seen in this place.
 G = Mean time per level.
                   A        B        C        D        E       F      G
               +--------+--------+--------+--------+--------+-----+--------+
         Total |  17750 |  17245 |    505 |   2521 |  11613 |  18 |  986.1 |
       Dungeon |  12027 |  11743 |    284 |   2114 |   7742 |  13 |  925.2 |
          Lair |   5722 |   5502 |    220 |    406 |   3871 |   5 | 1144.4 |
               +--------+--------+--------+--------+--------+-----+--------+

Top non-repeatable levels by time:
     D:9: 1601 daAuts
    D:11: 1294 daAuts
     D:2: 1256 daAuts
  Lair:1: 1255 daAuts
  Lair:4: 1229 daAuts
  Lair:5: 1227 daAuts
     D:8: 1181 daAuts
    D:10: 1172 daAuts
     D:7: 1080 daAuts
  Lair:3: 1016 daAuts
  Lair:2: 993 daAuts
     D:5: 841 daAuts
     D:4: 807 daAuts
     D:3: 696 daAuts
     D:6: 696 daAuts
